 Dungeon Crawl Stone Soup version 0.31.0-11-ge490571c62 (webtiles) character file.

Game seed: 16334853752253877288

476 qw the Shooter (level 6, -9/30 HPs)
             Began as a Spriggan Hunter on Feb 3, 2024.
             Was a Follower of Okawaru.
             Killed by divine providence
             ... invoked by an orc priest
              (11 damage)
             ... on level 4 of the Dungeon.
             The game lasted 00:00:11 (2714 turns).

qw the Shooter (Spriggan Hunter)                    Turns: 2714, Time: 00:00:12

Health: -9/30      AC:  6    Str:  7    XL:     6   Next: 84%
Magic:  7/7        EV: 21    Int: 11    God:    Okawaru [*.....]
Gold:   146        SH:  0    Dex: 20    Spells: 5/5 levels left

rFire   . . .        a - +0 shortbow (heavy)
rCold   . . .        (shield currently unavailable)
rNeg    . . .        c - +0 robe
rPois   .            (helmet restricted)
rElec   .            (no cloak)
rCorr   .            (gloves unavailable)
SInv    +            (boots unavailable)
Will    +....        (no amulet)
Stlth   ++           e - +4 ring of protection
HPRegen 0.25/turn    (no ring)
MPRegen 0.10/turn

%: no passive effects
@: about to teleport, very quick
A: very small, no large weapons, unfitting armour, see invisible, speed 3
a: Renounce Religion, Heroism


You were on level 4 of the Dungeon.
You worshipped Okawaru.
Okawaru was aware of your devotion.
You visited 2 branches of the dungeon, and saw 5 of its levels.

You collected 146 gold pieces.


Innate Abilities, Weirdness & Mutations

You are very small and have problems with some larger weapons.
You are too small for most types of armour.
You have supernaturally acute eyesight. (SInv)
You cover ground extremely quickly. (Speed+++)


   Skills:
 - Level 2.0 Fighting
 + Level 6.9 Ranged Weapons
 - Level 6.0 Dodging
 - Level 1.5 Stealth
 + Level 0.0 Invocations


You had 5 spell levels left.
You didn't know any spells.
Your spell library was empty.

Inventory:

Hand Weapons
 a - a +0 heavy shortbow (weapon)
Armour
 c - a +0 robe (worn)
Jewellery
 e - a +4 ring of protection (left hand)
Wands
 j - a wand of mindburst (13)
 m - a wand of flame (17)
Scrolls
 f - a scroll of teleportation
 l - a scroll of noise {unknown}
Potions
 b - a potion of mutation {unknown}
 d - a potion of heal wounds
 g - a potion of resistance {unknown}
 h - a potion of curing
 i - a potion of brilliance {unknown}
 k - a potion of ambrosia {unknown}

Dungeon Overview and Level Annotations

Branches:
Dungeon (4/15)             Temple (1/1) D:4

Altars:
Ashenzari
Elyvilon
Fedhas
Kikubaaqudgha
Makhleb
Okawaru
Qazlal
Ru
Uskayaw
Wu Jian
Xom
Yredelemnul
Zin

Annotations:
D:2 1 runed translucent door, Crazy Yiuf
D:3 1 runed translucent door, qw's ghost, amateur DEHu


Message History

The orc wizard is almost dead.
The orc wizard gestures at you while chanting.
The magic dart hits you.
You shoot an arrow. The arrow hits the orc wizard!
You kill the orc wizard!
Okawaru accepts your kill.
You start resting.
HP restored.
Things that are here:
a +0 dagger; a +0 robe You see here a staff of conjuration.
m - a wand of flame (17)
An orc wizard, 2 orcs and an orc priest come into view.
The orc shouts!
The orc wizard shouts!
You shoot an arrow. The orc shouts!
The arrow hits the orc wizard!
You kill the orc wizard!
Okawaru accepts your kill.
You can now gain great but temporary skills.
The orc priest begins to cast a cantrip, but forgets the words!
You shoot an arrow. The arrow barely misses the orc.
The arrow hits the orc.
The orc is severely wounded.
The orc priest looks braver for a moment.
You shoot an arrow.
The arrow hits the orc but does no damage.
The orc misses you.
The orc priest calls down the wrath of Beogh upon you.
Beogh smites you!
You shoot an arrow. The arrow hits the orc!
You kill the orc!
Okawaru accepts your kill.
The orc priest invokes the aid of Beogh against you.
Beogh smites you! The orc hits you with a +0 short sword.
2714 ||| READING 2 scrolls of teleportation.
As you read the scroll of teleportation, it crumbles to dust.
You feel strangely unstable.
The orc priest mumbles some strange prayers to Beogh against you.
Beogh smites you!
You die...

#..###.....##.........#
.......######.........#
#####.. #......^..#
#####. #.........#
...... ##.......##
#####. ##.....##
#####.# ####..# #o@..##
#)#### #. .) #o# .. .##
#


You could see an orc priest and an orc.

Vanquished Creatures
  A phantom (D:4)
  2 scorpions (D:4)
  A jelly (D:4)
  2 orc priests (D:4)
  3 orc wizards (D:4)
  4 adders
  2 dart slugs
  3 ribbon worms
  6 orcs (D:4)
  8 ball pythons
  2 bats (D:1)
  4 endoplasms
  5 giant cockroaches
  8 goblins
  2 hobgoblins
  9 jackals
  3 quokkas (D:2)
  3 frilled lizards
  5 kobolds
  3 rats
76 creatures vanquished.

Notes
Turn   | Place    | Note
-------+----------+-------------------------------------------
     0 | D:1      | qw the Spriggan Hunter began the quest for the Orb.
     0 | D:1      | Reached XP level 1. HP: 10/10 MP: 2/2
     0 | D:1      | 0 ||| qw: Version: 0.3-a-155-g5e7d8dd
     0 | D:1      | 0 ||| qw: Game counter: 3196
     0 | D:1      | 0 ||| qw: Melee chars always use a shield: true
     0 | D:1      | 0 ||| qw: God list: Okawaru
     0 | D:1      | 0 ||| qw: Allow faded altars: false
     0 | D:1      | 0 ||| qw: Do Orc after clearing Dungeon:15 true
     0 | D:1      | 0 ||| qw: Do second Lair branch before Depths: true
     0 | D:1      | 0 ||| qw: Lair rune preference: random
     0 | D:1      | 0 ||| qw: Goals: Normal
     0 | D:1      | 0 ||| PLANNING D:1-11
     2 | D:1      | Noticed a naga
     2 | D:1      | Noticed a vine stalker
     4 | D:1      | Noticed a barachi
     4 | D:1      | Noticed a spriggan
     6 | D:1      | Noticed a djinni
     6 | D:1      | Noticed an oni
     8 | D:1      | Noticed a human
     8 | D:1      | Noticed a troll
    10 | D:1      | Noticed a demigod
    10 | D:1      | Noticed an octopode
    12 | D:1      | Noticed a draconian
    14 | D:1      | Noticed a tengu
    16 | D:1      | Noticed a gargoyle
    18 | D:1      | Noticed a vampire
    18 | D:1      | Noticed an elf
    20 | D:1      | Noticed a felid
    20 | D:1      | Noticed a ghoul
    22 | D:1      | Noticed an armataur
    22 | D:1      | Noticed a formicid
    24 | D:1      | Noticed a demonspawn
    26 | D:1      | Noticed a minotaur
    26 | D:1      | Noticed a merfolk
    53 | D:1      | Reached skill level 3 in Dodging
    69 | D:1      | HP: 2/10 [jackal (2)]
   132 | D:1      | Reached XP level 2. HP: 14/14 MP: 3/3
   215 | D:1      | You fall into a shaft and drop 1 floor!
   300 | D:2      | 300 ||| UPGRADING to +4 ring of protection.
   301 | D:2      | 301 ||| READING scroll labelled JYLEGH TAESA.
   303 | D:2      | 303 ||| FLEEEEING.
   306 | D:2      | 306 ||| DROPPING scroll of butterflies.
   311 | D:2      | 311 ||| FLEEEEING.
   312 | D:2      | 312 ||| STAIRDANCE
   375 | D:1      | Reached XP level 3. HP: 18/18 MP: 4/4
   790 | D:1      | 790 ||| READING scroll labelled QUALEOK FIUPPI.
   790 | D:1      | 790 ||| IDENTIFYING brown potion
  1006 | D:2      | Found an ancient bone altar of Kikubaaqudgha.
  1255 | D:2      | Found a runed translucent door.
  1256 | D:2      | Noticed Crazy Yiuf
  1259 | D:2      | 1259 ||| READING scroll of identify.
  1259 | D:2      | 1259 ||| IDENTIFYING scroll labelled FEWIMIBBAIKI
  1260 | D:2      | 1260 ||| DROPPING scroll of blinking.
  1535 | D:3      | Found a faded altar of an unknown god.
  1921 | D:3      | Reached XP level 4. HP: 22/22 MP: 5/5
  2007 | D:3      | Found a runed translucent door.
  2007 | D:3      | Noticed qw's ghost (amateur DEHu)
  2153 | D:3      | 2153 ||| READING scroll of identify.
  2153 | D:3      | 2153 ||| IDENTIFYING metallic inky potion
  2154 | D:3      | 2154 ||| READING scroll labelled PUUXZO ZOUHAMI.
  2154 | D:3      | 2154 ||| BRANDING +0 shortbow.
  2155 | D:3      | 2155 ||| READING scroll labelled OXTOHIH GUUHE.
  2256 | D:4      | Found a stormy altar of Qazlal.
  2290 | D:4      | Noticed a scorpion
  2293 | D:4      | Killed a scorpion
  2294 | D:4      | Reached XP level 5. HP: 25/25 MP: 6/6
  2341 | D:4      | 2341 ||| FLEEEEING.
  2342 | D:4      | 2342 ||| FLEEEEING.
  2343 | D:4      | 2343 ||| FLEEEEING.
  2344 | D:4      | 2344 ||| FLEEEEING.
  2345 | D:4      | 2345 ||| FLEEEEING.
  2346 | D:4      | 2346 ||| FLEEEEING.
  2347 | D:4      | 2347 ||| STAIRDANCE
  2374 | D:4      | 2374 ||| STAIRDANCE
  2417 | D:4      | Found a staircase to the Ecumenical Temple.
  2418 | D:4      | 2418 ||| PLANNING TEMPLE
  2437 | Temple   | Entered the Ecumenical Temple
  2438 | Temple   | 2438 ||| PLANNING OKAWARU WORSHIP
  2453 | Temple   | Became a worshipper of Warmaster Okawaru
  2454 | Temple   | 2454 ||| PLANNING D:1-11
  2492 | D:4      | Reached skill level 6 in Ranged Weapons
  2492 | D:4      | Reached XP level 6. HP: 30/30 MP: 7/7
  2534 | D:4      | Reached skill level 6 in Dodging
  2710 | D:4      | Reached * piety under Okawaru
  2713 | D:4      | HP: 5/30 [orc priest/divine providence (13)]
  2713 | D:4      | HP: 2/30 [orc/+0 short sword (3)]
  2714 | D:4      | 2714 ||| READING 2 scrolls of teleportation.
  2714 | D:4      | Killed from afar by an orc priest

Levels and vault maps discovered:
D:1:      kb_arrival_jail, layout_loops_ring
D:2:      layout_rooms, basic_altar, uniq_crazy_yiuf_cottage
D:3:      layout_basic, dreamdust_ecumenical_altar_grove, gammafunk_ghost_grave
D:4:      layout_rooms, mainiacjoe_overflow_tiny_flanked,
          minmay_temple_entry_grid, pf_guarded_unrand_delatra
Temple:   hc_temple_tempest_star

Skill      XL: |  1  2  3  4  5  6 |
---------------+-------------------+-----
Dodging        | 3 4 5 6 |  6.0
Ranged Weapons | 5 6 |  6.9
Fighting       | 2 |  2.0
Stealth        | |  1.5

Action                     |  1- 3 |  4- 6 || total
---------------------------+-------+-------++-------
   Fire: Shortbow          |   173 |    90 ||   263
    Use: Scroll            |     3 |     4 ||     7
 Armour: Robe              |    29 |    28 ||    57
  Dodge: Dodged            |    99 |   101 ||   200

Table legend:
 A = Non-vault XP
 B = Vault XP
 C = Vault XP percentage of total XP
 D = Non-vault monster count
 E = Vault monster count
 F = Vault count percentage of total count
                 A         B        C        D         E       F
            +---------+---------+-------+---------+---------+-------
      Total |     680 |       0 |   0.0 |      76 |       0 |   0.0
            +---------+---------+-------+---------+---------+-------
        D:1 |      32 |       0 |   0.0 |      18 |       0 |   0.0
        D:2 |      39 |       0 |   0.0 |      15 |       0 |   0.0
        D:3 |      33 |       0 |   0.0 |      11 |       0 |   0.0
        D:4 |     576 |       0 |   0.0 |      32 |       0 |   0.0
            +---------+---------+-------+---------+---------+-------
